Map: Ulrena

Players

Cham

  • Race: Zerg Zerg
  • League: Grandmaster
  • Spawn Location: 7:00

meeK - Winner!

  • Race: Protoss Protoss
  • League: Master
  • Spawn Location: 11:00

VOD

Have the link to the VOD?

Description

meeK vs Cham

Time

  • Played on: Dec. 17, 2015, 3:24 p.m.
  • Length: 4:20
Show
View Real Time Build Order
Export as new Build Order

Cham Zerg 

Build Orders: 3 Hatch before Pool 

Get SALT Encoding   

  12  0:01  Drone  
  13  0:10  Drone  
  14  0:18  Overlord  
  14  0:36  Drone x3  
  17  0:55  Drone, Hatchery  
  17  0:59  Drone  
  18  1:20  Hatchery  
  18  1:23  Drone  
  18  1:37  Extractor  
  18  1:38  Spawning Pool  
  16  1:44  Drone x2  
  18  2:26  Hatchery  
  18  2:28  Zergling x2  
  18  2:29  Zergling x2  
  17  2:34  Zergling x4  
  17  2:35  Zergling x2  
  14  2:50  Zergling x2  
  13  3:04  Zergling x2  
  10  4:03  Drone  
  10  4:04  Drone  
Show
View Real Time Build Order
Export as new Build Order

meeK Protoss - Winner!

Build Orders:  

Get SALT Encoding   

  12  0:01  Probe (Chrono Boost)  
  13  0:11  Probe (Chrono Boost)  
  14  0:22  Probe (Chrono Boost)  
  15  0:30  Pylon  
  15  0:49  Gateway  
  15  0:51  Gateway  
  15  1:00  Gateway  
  15  1:11  Gateway  
  15  1:19  Pylon  
  19  1:40  Zealot (Chrono Boost)  
  19  1:41  Zealot (Chrono Boost)  
  19  1:46  Probe  
  20  1:49  Zealot (Chrono Boost)  
  20  1:52  Pylon  
  22  1:59  Zealot (Chrono Boost)  
  26  2:10  Zealot (Chrono Boost)  
  26  2:14  Zealot (Chrono Boost)  
  30  2:26  Zealot (Chrono Boost)  
  31  2:32  Zealot (Chrono Boost)  
  31  2:38  Zealot (Chrono Boost)  
  31  2:41  Zealot (Chrono Boost)  
  33  2:54  Zealot (Chrono Boost)  
  35  3:00  Zealot (Chrono Boost)  
  37  3:07  Zealot (Chrono Boost)  
  37  3:09  Zealot (Chrono Boost)  
Tags
 
Add a new tag
Caveats
  • Supply blocks, unpowered buildings, or Contaminate may cause inaccurate times.
  • Supply counts are checked every 10 seconds.